 Dungeon Crawl Stone Soup version 0.28.0-45-g0d030f2227 (webtiles) character file.

Game seed: 6507735195765112564

7 NinjaNoafa the Ducker (level 2, -1/23 HPs)
             Began as a Djinni Gladiator on Apr 16, 2022.
             Slain by a ball python (2 damage)
             ... on level 1 of the Dungeon.
             The game lasted 00:00:35 (472 turns).

NinjaNoafa the Ducker (Djinni Gladiator)             Turns: 472, Time: 00:00:36

Health: -1/23      AC:  4    Str: 13    XL:     2   Next: 5%
Gold:   0          EV:  9    Int:  9    God:
                   SH:  0    Dex: 14

rFire   + + .      SeeInvis .   a - +0 rapier
rCold   x . .      Faith    .   (no shield)
rNeg    . . .      Spirit   .   b - +0 leather armour
rPois   ∞          Reflect  .   c - +0 helmet
rElec   .          Harm     .   (no cloak)
rCorr   .          Rampage  .   (no gloves)
Will    .....                   (boots unavailable)
Stlth   +.........              (no amulet)
HPRegen 0.07/turn               (no ring)
MPRegen 0.00/turn               (no ring)

@: flying, constricted
A: sickness immunity, fire resistance 2, cold vulnerability 1, float, innate
caster, HP casting, extra vitality 1
a: no special abilities


You were on level 1 of the Dungeon.
You visited 1 branch of the dungeon, and saw 1 of its levels.

Inventory:

Hand Weapons
 a - a +0 rapier (weapon)
Missiles
 d - 3 throwing nets (quivered)
Armour
 b - a +0 leather armour (worn)
 c - a +0 helmet (worn)
Scrolls
 e - a scroll of identify {unknown}
 f - a scroll of torment {unknown}
 g - a scroll of fog {unknown}


   Skills:
 + Level 2.1 Fighting
 + Level 2.8 Short Blades
 + Level 1.7 Throwing
 + Level 3.4 Dodging


You had one spell level left.
You didn't know any spells.
Your spell library was empty.

Dungeon Overview and Level Annotations

Branches:
Dungeon (1/15)

Altars:


Innate Abilities, Weirdness & Mutations

You are immune to sickness and miasma.
You are immune to poison.
Your flesh is very heat resistant. (rF++)
You are vulnerable to cold. (rC-)
You float through the air rather than walking.
You learn spells naturally, not from books.
Your magical power is your life essence.
You have superior vitality. (+4 MHP)


Message History

The frilled lizard closely misses you. The ball python bites you.
The ball python constricts you. The frilled lizard closely misses you.
The ball python bites you. The ball python constricts you.
The frilled lizard bites you. The ball python barely misses you.
The ball python constricts you. The frilled lizard bites you.
The ball python barely misses you. The ball python constricts you.
The frilled lizard bites you but does no damage.
The ball python bites you. The ball python constricts you.
The ball python bites you but does no damage.
The ball python constricts you. The frilled lizard closely misses you.
The ball python barely misses you. The ball python constricts you.
The frilled lizard completely misses you.
The ball python completely misses you. The ball python constricts you.
The frilled lizard bites you.
* * * LOW HITPOINT WARNING * * *
The ball python bites you but does no damage.
The ball python constricts you.
The frilled lizard bites you but does no damage.
The ball python bites you but does no damage.
The ball python constricts you.
* * * LOW HITPOINT WARNING * * *
The frilled lizard bites you but does no damage.
The ball python misses you. The ball python constricts you.
* * * LOW HITPOINT WARNING * * *
The ball python bites you but does no damage.
The ball python constricts you. The frilled lizard bites you.
* * * LOW HITPOINT WARNING * * *
The ball python barely misses you. The ball python constricts you.
The frilled lizard barely misses you.
The ball python bites you but does no damage.
The ball python constricts you.
* * * LOW HITPOINT WARNING * * *
The frilled lizard bites you but does no damage.
The ball python bites you but does no damage.
The ball python constricts you.
The frilled lizard completely misses you.
The ball python bites you.
You die...

..####.#########...
.....................
##.#####...########...
$.# [#.#.##### #### #
..# ...#..##≈## ##
#.#...##.##.#≈♣≈#####≈
..r#.#.##.≈♣⌠♣≈≈≈≈≈♣
#Sl##..#..≈♣.......
#@(#......≈...<...
..#####.##..#..≈........
.........†..#.≈.⌠.≈≈≈≈≈♣
........#####..≈.≈#####≈
.......## ##..≈## ##
....... ##.## .......
#.. ####### ##.#


You could see a ball python, a frilled lizard and a rat.

Vanquished Creatures
  A dart slug (D:1)
  A goblin (D:1)
  A quokka (D:1)
  A ball python (D:1)
  A rat (D:1)
5 creatures vanquished.

Vanquished Creatures (others)
  4 toadstools (D:1)
4 creatures vanquished.

Grand Total: 9 creatures vanquished

Notes
Turn   | Place    | Note
-------+----------+-------------------------------------------
     0 | D:1      | NinjaNoafa the Djinni Gladiator began the quest for the
                  | Orb.
     0 | D:1      | Reached XP level 1. HP: 18/18 MP: 0/0
   327 | D:1      | Reached XP level 2. HP: 14/23 MP: 0/0
   469 | D:1      | HP: 1/23 [frilled lizard (3)]
   472 | D:1      | Slain by a ball python

Illustrated notes

Levels and vault maps discovered:
D:1:      ldierk_water_garden, layout_basic, ebering_ecumenical_altar_rust,
          minmay_octomino_e4

Action                   || total
-------------------------++-------
Melee: Rapier            ||    25
       Punch             ||     1
Throw: Throwing net      ||     1
 Stab: Held in net/web   ||     2
Armor: Leather armour    ||    25
Dodge: Dodged            ||    36
